 Dungeon Crawl Stone Soup version 0.21.2 (webtiles) character file.

4455 Chronos the Thaumaturge (level 10, 0/52 HPs)
             Began as a Deep Elf Air Elementalist on Sept 23, 2018.
             Was a Follower of Sif Muna.
             Succumbed to a spiny frog's poison
             ... in a labyrinth on Sept 24, 2018.
             The game lasted 01:09:44 (11530 turns).

Chronos the Thaumaturge (DEAE)                     Turns: 11530, Time: 01:09:45

Health: 0/52       AC:  6    Str:  9    XL:     10   Next: 15%
Magic:  13/26      EV: 14    Int: 28    God:    Sif Muna [*.....]
Gold:   336        SH:  0    Dex: 15    Spells: 15/30 levels left

rFire    . . .     SeeInvis .   G - +1 dagger (flame)
rCold    . . .     Gourm    .   (no shield)
rNeg     . . .     Faith    .   x - +2 robe {MR+}
rPois    .         Spirit   .   d - +1 hat
rElec    .         Reflect  .   p - +0 cloak
rCorr    +         Harm     .   (no gloves)
MR       ++...                  (no boots)
Stlth    +++.......             I - amulet of rage
HPRegen  0.17/turn              g - +4 ring of intelligence
MPRegen  0.20/turn              H - ring of resist corrosion

@: lethally poisoned (0 -> -20)
A: horns 1, clever 1, screaming 1, strong 1
a: Divine Energy, Renounce Religion, Evoke Berserk Rage


You were in a labyrinth.
You worshipped Sif Muna.
Sif Muna was aware of your devotion.
You were not hungry.

You visited 3 branches of the dungeon, and saw 11 of its levels.
You also visited: Labyrinth and Ossuary.

You collected 336 gold pieces.

Inventory:

Hand Weapons
 s - a +0 blowgun
 G - a +1 dagger of flaming (weapon)
Missiles
 n - 30 poisoned needles
 r - 69 arrows
Armour
 d - a +1 hat (worn)
 p - a +0 cloak (worn)
 x - a +2 robe of magic resistance (worn)
Jewellery
 g - a +4 ring of intelligence (left hand)
 i - an uncursed ring of poison resistance
 q - the ring "Veude" {*Tele Stlth+}
   (You found it in an ossuary)

   [ring of teleportation]

   It may teleport you next to monsters.
   It makes you more stealthy.
 H - a ring of resist corrosion (right hand)
 I - an amulet of rage (around neck)
 O - an uncursed ring of see invisible
Wands
 w - a wand of flame (16)
 K - a wand of digging (11)
 L - a wand of iceblast (19)
Scrolls
 f - 7 scrolls of teleportation
 h - 4 scrolls of enchant weapon
 m - 6 scrolls of remove curse
 o - 3 scrolls of amnesia
 D - 2 scrolls of fog
 F - 2 scrolls of enchant armour
 J - a scroll of holy word
 M - a scroll of acquirement {unknown}
Potions
 e - a potion of cancellation {unknown}
 j - a potion of mutation
 k - a potion of ambrosia
 l - 7 potions of curing
 t - a potion of magic {unknown}
 u - a potion of heal wounds
 z - 4 potions of invisibility
 A - 3 potions of flight
 B - 2 potions of might {unknown}
 C - a potion of haste {unknown}
 E - 2 potions of berserk rage {unknown}
Books
 a - a book of Changes

   Spells                             Type                      Level
   a - Beastly Appendage              Transmutation                1
   b - Sticks to Snakes               Transmutation                2
   c - Spider Form                    Transmutation/Poison         3
   d - Ice Form                       Ice/Transmutation            4
   e - Blade Hands                    Transmutation                5
 b - a book of Air

   Spells                             Type                      Level
   a - Shock                          Conjuration/Air              1
   b - Swiftness                      Charms/Air                   2
   c - Static Discharge               Conjuration/Air              3
   d - Airstrike                      Air                          4
   e - Lightning Bolt                 Conjuration/Air              5
 y - a book of Cantrips

   Spells                             Type                      Level
   a - Confusing Touch                Hexes                        1
   b - Animate Skeleton               Necromancy                   1
   c - Summon Small Mammal            Summoning                    1
   d - Apportation                    Translocation                1
Comestibles
 c - 3 rations
 v - 8 chunks of flesh


   Skills:
 + Level 1.4 Fighting
 + Level 2.4 Short Blades
 + Level 3.7 Dodging
 + Level 5.1 Stealth
 + Level 0.2 Unarmed Combat
 + Level 10.7 Spellcasting
 + Level 4.0 Conjurations
 * Level 6.7 Transmutations
 + Level 9.1 Air Magic


You had 15 spell levels left.
You knew the following spells:

 Your Spells              Type           Power        Failure   Level  Hunger
a - Shock                 Conj/Air       ####         1%          1    None
b - Airstrike             Air            ######....   1%          4    None
c - Sticks to Snakes      Tmut           ######..     1%          2    None
d - Spider Form           Tmut/Pois      ####......   2%          3    None
e - Lightning Bolt        Conj/Air       ######....   7%          5    ###....


Dungeon Overview and Level Annotations

Branches:
Dungeon (8/15)             Temple (1/1) D:6            Lair (2/6) D:8
  Swamp: Lair:2-4    Shoals: Lair:2-4     Snake: Lair:2-4    Spider: Lair:2-4

Altars:
Ashenzari
Cheibriados
Dithmenos
Elyvilon
Fedhas
Gozag
Hepliaklqana
Makhleb
Nemelex Xobeh
Okawaru
Ru
Sif Muna
Trog
Uskayaw
Vehumet
Wu Jian
Xom
Yredelemnul
Zin
The Shining One

Shops:
D:5 %

Annotations:
D:4 1 runed door
D:5 Runed Door
D:8 Grum, Maurice


Innate Abilities, Weirdness & Mutations

You have a pair of small horns on your head.
Your mind is acute. (Int +2)
You occasionally shout uncontrollably at your foes.
Your muscles are strong. (Str +2)


Message History

You kill the basilisk!
Sif Muna accepts your kill.
Your Fighting skill increases to level 1!
Found a scroll of enchant armour.
Found a spear.
The spiny frog stings you. The spiny frog stings you!
* * * LOW HITPOINT WARNING * * *
Found a labyrinth entrance.
The spiny frog barely misses you.
Found a scroll labeled PALURAHINT and an orange potion.
You hear the brisk ticking of a clock.
The spiny frog misses you.
There is a labyrinth entrance here.
Beware, the minotaur awaits!
The spiny frog stings you!
* * * LOW HITPOINT WARNING * * *
You are lethally poisoned!
The spiny frog poisons you!
The world spins around you as you enter the gateway.
As you enter the labyrinth, previously moving walls settle noisily into place.
You hear the metallic echo of a distant snort before it fades into the rock.
You die...

#########
#.@.....#
#.#####.#
... #.##
#. #


There were no monsters in sight!

Vanquished Creatures
  The ghost of MurderousKitten the Charlatan, a novice DrAr (D:4)
  A komodo dragon (Lair:2)
  Sigmund (D:3)
  A basilisk (Lair:2)
  A water moccasin (Lair:2)
  Menkaure (D:7)
  3 ice beasts
  3 sky beasts
  2 orc warriors
  2 ogres
  A phantom (D:8)
  2 wolves
  3 crocodiles
  2 centaurs (D:6)
  Blork the orc (D:4)
  5 bullfrogs
  A wyvern skeleton (D:6)
  2 scorpions (D:5)
  3 centaur zombies (Ossuary)
  2 crimson imps
  A jelly (D:6)
  A human zombie (Ossuary)
  A hound (D:4)
  4 orc priests (D:5)
  7 orc wizards
  2 bullfrog skeletons
  2 iguanas (D:4)
  7 worker ants
  2 ogre zombies (Ossuary)
  5 mummies (Ossuary)
  4 worker ant zombies
  15 adders
  3 shadow imps
  2 oozes
  7 adder zombies (Ossuary)
  7 worms
  A dart slug (D:3)
  7 leopard geckos
  20 orcs
  5 bats
  6 giant cockroaches
  7 goblins
  4 hobgoblins (D:2)
  4 jackals (D:5)
  3 quokkas
  A frilled lizard (D:1)
  3 goblin zombies (Ossuary)
  4 hobgoblin zombies
  8 kobolds
  4 kobold zombies
  A leopard gecko zombie (D:7)
  An orc zombie (Ossuary)
  3 quokka skeletons
  3 quokka zombies (Ossuary)
  3 rats
  5 rat zombies (Ossuary)
  A spectral orc (D:4)
202 creatures vanquished.

Vanquished Creatures (collateral kills)
  3 mummies
  A hobgoblin zombie (D:7)
4 creatures vanquished.

Vanquished Creatures (others)
  A fungus (Lair:2)
  A plant (D:8)
2 creatures vanquished.

Grand Total: 208 creatures vanquished

Notes
Turn   | Place    | Note
-------+----------+-------------------------------------------
     0 | D:1      | Chronos the Deep Elf Air Elementalist began the quest for the Orb.
     0 | D:1      | Reached XP level 1. HP: 10/10 MP: 6/6
   220 | D:1      | Reached XP level 2. HP: 15/15 MP: 5/8
  1066 | D:2      | Gained mutation: You occasionally shout uncontrollably at your foes. [potion of mutation]
  1066 | D:2      | Gained mutation: You have a pair of small horns on your head. [potion of mutation]
  1066 | D:2      | Gained mutation: Your muscles are strong. (Str +2) [potion of mutation]
  1066 | D:2      | Gained mutation: Your mind is acute. (Int +2) [potion of mutation]
  1299 | D:2      | Reached XP level 3. HP: 19/19 MP: 8/10
  1642 | D:2      | Reached skill level 4 in Spellcasting
  1956 | D:2      | Found a white marble altar of Elyvilon.
  2028 | D:2      | Found an iron altar of Okawaru.
  2028 | D:2      | Found a radiant altar of Vehumet.
  2559 | D:3      | Reached XP level 4. HP: 24/24 MP: 9/12
  2603 | D:3      | Noticed Sigmund
  2675 | D:2      | Learned a level 4 spell: Airstrike
  2707 | D:3      | Killed Sigmund
  2707 | D:3      | Reached skill level 5 in Spellcasting
  2707 | D:3      | Reached XP level 5. HP: 28/28 MP: 0/14
  3005 | D:3      | Reached XP level 6. HP: 31/32 MP: 8/16
  3017 | D:3      | Learned a level 2 spell: Sticks to Snakes
  3078 | D:3      | Learned a level 3 spell: Spider Form
  3406 | D:4      | Reached skill level 6 in Spellcasting
  3612 | D:4      | Found a runed door.
  3639 | D:4      | Reached skill level 1 in Transmutations
  3747 | D:4      | Reached skill level 5 in Air Magic
  3747 | D:4      | Reached XP level 7. HP: 36/36 MP: 5/18
  3876 | D:4      | Found a basalt altar of Yredelemnul.
  4306 | D:4      | Noticed MurderousKitten's ghost (novice DrAr)
  4340 | D:4      | Killed MurderousKitten's ghost
  4340 | D:4      | Reached skill level 7 in Spellcasting
  4648 | D:4      | Noticed Blork the orc
  4652 | D:4      | Killed Blork the orc
  4652 | D:4      | Reached skill level 1 in Short Blades
  5069 | D:5      | Entered Level 5 of the Dungeon
  5139 | D:5      | Reached XP level 8. HP: 32/41 MP: 1/21
  5205 | D:5      | Reached skill level 8 in Spellcasting
  5277 | D:5      | Found a sand-covered staircase.
  5376 | Ossuary  | Entered an ossuary
  5397 | Ossuary  | Learned a level 5 spell: Lightning Bolt
  5964 | Ossuary  | Got a wavering golden ring
  5966 | Ossuary  | Identified the ring "Veude" {*Tele Stlth+} (You found it in an ossuary)
  6254 | D:5      | Found Tyrigoto's Food Shop.
  7053 | D:5      | Reached skill level 5 in Transmutations
  7054 | D:5      | Found a blossoming altar of Fedhas.
  7363 | D:5      | Found a sparkling altar of Nemelex Xobeh.
  7505 | D:6      | Reached skill level 9 in Spellcasting
  7750 | D:6      | Reached XP level 9. HP: 34/46 MP: 16/24
  8144 | D:6      | Found an iron altar of Okawaru.
  8534 | D:6      | Found a staircase to the Ecumenical Temple.
  8541 | Temple   | Entered the Ecumenical Temple
  8573 | Temple   | Became a worshipper of Sif Muna the Loreminder
  8909 | D:7      | Found an iron altar of Okawaru.
  9136 | D:7      | Noticed Menkaure
  9137 | D:7      | Killed Menkaure
  9137 | D:7      | Reached skill level 10 in Spellcasting
  9886 | D:8      | Noticed Maurice
 10443 | D:8      | Reached * piety under Sif Muna
 10523 | D:8      | Reached skill level 5 in Stealth
 10676 | D:8      | Noticed Grum
 10907 | D:8      | Found a staircase to the Lair.
 10978 | Lair:1   | Entered Level 1 of the Lair of Beasts
 11271 | Lair:1   | You fall through a shaft!
 11297 | Lair:2   | Noticed a spiny frog
 11335 | Lair:2   | Reached XP level 10. HP: 32/51 MP: 16/26
 11510 | Lair:2   | Reached skill level 1 in Fighting
 11521 | Lair:2   | Found a labyrinth entrance.
 11529 | Lair:2   | HP: 2/52 [spiny frog (15)]
 11530 | Lab      | Entered a labyrinth
 11530 | Lab      | Succumbed to a spiny frog's poison

Skill      XL: |  1  2  3  4  5  6  7  8  9 10 |
---------------+-------------------------------+-----
Spellcasting   | 4 5 6 7 9 10 | 10.7
Dodging        | 3 |  3.7
Conjurations   | 2 3 4 |  4.0
Stealth        | 3 4 5 |  5.1
Air Magic      | 4 5 6 7 8 9 |  9.1
Transmutations | 1 3 5 6 |  6.7
Short Blades   | 1 2 |  2.4
Fighting       | 1 |  1.4
Unarmed Combat | |  0.2

Action                   |  1- 3 |  4- 6 |  7- 9 | 10-12 || total
-------------------------+-------+-------+-------+-------++-------
Melee: Dagger            |    18 |    18 |   179 |     1 ||   216
       Unarmed           |       |     2 |    32 |       ||    34
       Headbutt          |       |     2 |    27 |       ||    29
 Cast: Shock             |    79 |    53 |   156 |     4 ||   292
       Airstrike         |       |    11 |   121 |    12 ||   144
       Spider Form       |       |     1 |     3 |       ||     4
       Sticks to Snakes  |       |       |    10 |       ||    10
       Lightning Bolt    |       |       |     1 |       ||     1
Evoke: Wand              |       |       |     2 |       ||     2
  Use: Scroll            |     7 |     1 |    17 |     1 ||    26
       Potion            |     3 |       |       |     1 ||     4
 Stab: Sleeping          |       |       |    16 |       ||    16
       Distracted        |       |       |     2 |       ||     2
  Eat: Chunk             |     5 |     4 |    15 |     1 ||    25
       Ration            |       |       |     3 |       ||     3
Armor: Skin              |    25 |     1 |     4 |       ||    30
       Robe              |    13 |     7 |    47 |       ||    67
Dodge: Dodged            |    33 |    33 |   152 |     4 ||   222
